 Dungeon Crawl Stone Soup version 0.28-a0-973-ga7f8b01127 (webtiles) character file.

Game seed: 1642630373748821012

0 Iscandelvey the Cudgeller (level 1, 0/15 HPs)
             Began as a Demonspawn Wanderer on Dec 2, 2021.
             Slain by a hobgoblin (4 damage)
             ... on level 1 of the Dungeon.
             The game lasted 00:00:14 (24 turns).

Iscandelvey the Cudgeller (Demonspawn Wanderer)       Turns: 24, Time: 00:00:15

Health: 0/15       AC:  2    Str: 12    XL:     1   Next: 8%
Magic:  1/1        EV: 12    Int: 13    God:
Gold:   0          SH:  0    Dex: 12    Spells: 0/0 levels left

rFire   . . .      SeeInvis .   a - +2 mace
rCold   . . .      Faith    .   (no shield)
rNeg    . . .      Spirit   .   d - +0 robe
rPois   .          Reflect  .   (no helmet)
rElec   .          Harm     .   (no cloak)
rCorr   .          Rampage  .   (no gloves)
Will    .....                   (no boots)
Stlth   +.........              (no amulet)
HPRegen 0.05/turn               (no ring)
MPRegen 0.07/turn               (no ring)

@: no status effects
A: no striking features
a: no special abilities


You were on level 1 of the Dungeon.
You visited 1 branch of the dungeon, and saw 1 of its levels.

Inventory:

Hand Weapons
 a - a +2 mace (weapon)
Armour
 d - a +0 robe (worn)
Potions
 b - a potion of lignification
 c - a potion of curing


   Skills:
 + Level 1.0 Fighting
 + Level 2.6(3.0) Maces & Flails
 + Level 1.8(2.5) Staves
 + Level 1.7 Dodging
 + Level 1.0 Shields
 + Level 1.0 Evocations


You couldn't memorise any spells.
You didn't know any spells.
Your spell library contained the following spells:

 Spells                   Type           Power      Damage    Failure   Level
 Summon Lightning Spire   Summ/Air       0%         N/A       97%         4
 Storm Form               Tmut/Air       0%         N/A       100%        7
 Maxwell's Capacitive Co  Air            0%         ∞         100%        8


Dungeon Overview and Level Annotations

Branches:
Dungeon (1/15)

Altars:


Message History

Welcome, Iscandelvey the Demonspawn Wanderer.
The incredible Orb of Zot lies far below, as if waiting for you to find it.
Press ? for a list of commands and other information.
Found a book of the Sky and 18 stones.
Found a staircase leading out of the dungeon.
You begin with the following items: a +2 mace, a potion of lignification, a potion of curing, a +0 robe.
Your library has no spells.
Unknown command.
Unknown command.
You pick up a book of the Sky and begin reading...
You add the spells Summon Lightning Spire, Storm Form and Maxwell's Capacitive Coupling to your library.
You see here 18 stones.
A bat comes into view.
A bat is nearby!
The bat closely misses you.
You hit the bat.
The bat is moderately wounded.
The bat closely misses you. The bat misses you.
You hit the bat.
You kill the bat!
No target in view!
You see here a bat corpse.
A kobold comes into view. It is wielding a +0 dagger.
A kobold is nearby!
A hobgoblin comes into view.
Found 10 gold pieces.
The hobgoblin closely misses you.
You closely miss the hobgoblin. The kobold hits you with a +0 dagger.
The hobgoblin barely misses you.
You hit the hobgoblin.
The hobgoblin is heavily wounded.
The kobold hits you but does no damage. The hobgoblin hits you.
You hit the hobgoblin.
The hobgoblin is severely wounded.
The kobold hits you with a +0 dagger.
* * * LOW HITPOINT WARNING * * *
The hobgoblin completely misses you. The hobgoblin hits you.
You die...

.. .. #..
....###### ###...
.........# #....#.
##..####..≈....
####.#.†.....≈..#
##
###..(######..≈≈#.#
..###...### #..≈≈##
.......## #.@.≈#
##.<.### ##gK≈#
.......# #.≈≈#
..###...# ..≈≈# ##
##...# .≈≈.# ###.
#≈≈≈.. ..≈..$.
###..#.#


You could see a hobgoblin and a kobold.

Vanquished Creatures
  A bat (D:1)
1 creature vanquished.

Notes
Turn   | Place    | Note
-------+----------+-------------------------------------------
     0 | D:1      | Iscandelvey the Demonspawn Wanderer began the quest for the
                  | Orb.
     0 | D:1      | Iscandelvey set off with the following items: a +2 mace, a
                  | potion of lignification, a potion of curing, a +0 robe
     0 | D:1      | Reached XP level 1. HP: 15/15 MP: 1/1
    24 | D:1      | Slain by a hobgoblin

Illustrated notes

Levels and vault maps discovered:
D:1:      dpeg_arrival_simpleton_a, layout_rooms,
          hellmonk_ecumenical_altar_crossroads, chequers_serial_rivers_small_a,
          chequers_serial_rivers_room_a

Action                   || total
-------------------------++-------
Melee: Mace              ||     5
Armor: Robe              ||     1
Dodge: Dodged            ||     6

Table legend: (Time is in decaauts)
 A = Elapsed time spent in this place.
 B = Non-inter-level travel time spent in this place.
 C = Inter-level travel time spent in this place.
 D = Time resting spent in this place.
 E = Time spent auto-exploring this place.
 F = Levels seen in this place.
 G = Mean time per level.
                   A        B        C        D        E       F      G
               +--------+--------+--------+--------+--------+-----+--------+
         Total |     24 |     24 |      0 |      0 |      8 |   1 |   24.0 |
       Dungeon |     24 |     24 |      0 |      0 |      8 |   1 |   24.0 |
               +--------+--------+--------+--------+--------+-----+--------+

Top non-repeatable levels by time:
     D:1: 24 daAuts
